 Dungeon Crawl Stone Soup version 0.31.0-9-g3a7656b989 (webtiles) character file.

Game seed: 16246071044655481279

1351 Peloso the Carver (level 8, -6/70 HPs)
             Began as a Minotaur Fighter on Jan 28, 2024.
             Mangled by a two-headed ogre
             ... wielding a +0 dire flail
              (7 damage)
             ... on level 5 of the Dungeon.
             The game lasted 00:10:31 (4517 turns).

Peloso the Carver (Minotaur Fighter)                Turns: 4517, Time: 00:10:33

Health: -6/70      AC: 14    Str: 22    XL:     8   Next: 36%
Magic:  7/7        EV:  9    Int:  5    God:
Gold:   219        SH:  0    Dex: 11    Spells: 7/7 levels left

rFire   . . .        b - +2 great sword "Mahes" {heavy, Will+}
rCold   . . .        (shield currently unavailable)
rNeg    + . .        t - +0 storm dragon scales
rPois   .            (helmet restricted)
rElec   +            h - scarf of Oblivion {repulsion, rN+ Will++ Regen+}
rCorr   .            u - +0 pair of gloves
SInv    .            (no boots)
Will    +++..        (no amulet) Stlth
                     (no ring)
HPRegen 1.11/turn    (no ring)
MPRegen 0.10/turn

%: repel missiles
@: no status effects
A: horns 2, retaliatory headbutt
a: no special abilities


You were on level 5 of the Dungeon.
You visited 1 branch of the dungeon, and saw 5 of its levels.

You collected 219 gold pieces.

Inventory:

Hand Weapons
 a - a +0 long sword
 b - the +2 great sword "Mahes" (weapon) {heavy, Will+}
   (You found it on level 4 of the Dungeon)

   Will+:     It increases your willpower.
 c - a +1 whip of flaming
Armour
 d - a +0 kite shield
 h - the scarf of Oblivion (worn) {repulsion, rN+ Will++ Regen+}
   (You found it on level 4 of the Dungeon)

   rN+:       It protects you from negative energy.
   Will++:    It greatly increases your willpower.
   Regen+:    It increases your rate of health regeneration.
 p - a +0 scale mail
 t - +0 storm dragon scales (worn)
 u - a +0 pair of gloves (worn)
Wands
 v - a wand of iceblast (10)
Scrolls
 e - a scroll of torment {unknown}
 f - 2 scrolls of blinking {unknown}
 g - 2 scrolls of teleportation
 i - a scroll of amnesia {unknown}
 j - 2 scrolls of identify {unknown}
 k - a scroll of silence
 l - a scroll of fear
 m - a scroll of immolation {unknown}
 n - a scroll of poison {unknown}
 o - a scroll of enchant weapon {unknown}
Potions
 q - 2 potions of heal wounds {unknown}
 r - 2 potions of might
 s - a potion of curing
 w - a potion of degeneration {unknown}
 x - a potion of enlightenment {unknown}
 z - a potion of ambrosia {unknown}


   Skills:
 + Level 5.7 Fighting
 + Level 8.5 Long Blades
 + Level 7.7 Armour
 + Level 2.4 Dodging
 + Level 0.3 Stealth
 + Level 4.6 Shields


You had 7 spell levels left.
You didn't know any spells.
Your spell library contained the following spells:

 Spells                   Type           Power      Damage    Failure   Level
 Ensorcelled Hibernation  Hex/Ice        0%         N/A       99%         2
 Passwall                 Erth           0%         N/A       100%        3
 Swiftness                Air            0%         N/A       100%        3


Dungeon Overview and Level Annotations

Branches:
Dungeon (5/15)
 Temple: D:4-7

Altars:
Cheibriados
Gozag
Hepliaklqana
Xom
Zin


Innate Abilities, Weirdness & Mutations

You have a pair of horns on your head.
You reflexively headbutt those who attack you in melee.


Message History

x - an inky potion
z - a fuming blue potion You now have 219 gold pieces (gained 4).
An adder comes into view.
Found a stone staircase leading down.
The adder hisses angrily.
You hear a shout!
An adder is nearby!
An adder is nearby!
A two-headed ogre comes into view.
It is wielding a +0 dire flail and a +0 giant spiked club.
The two-headed ogre shouts in stereo!
You miss the adder.
A scorpion comes into view.
The adder completely misses you.
The adder bites you but does no damage. x2
You closely miss the adder.
An orc comes into view. It is wielding a +0 hand axe.
The adder closely misses you. You furiously retaliate!
You headbutt the adder, but do no damage.
The adder bites you.
You miss the adder. Your headbutt misses the adder.
The adder bites you but does no damage.
You hit the two-headed ogre but do no damage.
The two-headed ogre hits you but does no damage. x2
The two-headed ogre hits you with a +0 dire flail!
The two-headed ogre hits you with a +0 giant spiked club!
You hit the two-headed ogre. You headbutt the two-headed ogre.
The two-headed ogre is lightly wounded.
The two-headed ogre hits you with a +0 dire flail!
The two-headed ogre hits you but does no damage.
You hit the two-headed ogre.
The two-headed ogre is lightly wounded.
The two-headed ogre completely misses you.
The two-headed ogre hits you but does no damage.
You slice the two-headed ogre!!
The two-headed ogre is heavily wounded.
The two-headed ogre hits you with a +0 dire flail.
The two-headed ogre hits you with a +0 giant spiked club!!
The two-headed ogre hits you with a +0 dire flail!!
* * * LOW HITPOINT WARNING * * *
The two-headed ogre hits you with a +0 giant spiked club!
You die...

#.....#.###...#
#.#........<....#
#.........#.....#
######.##.#.....#
#.##.##..###
#.........#
####.##.###
####.#### #.@OS#
####so# .... ....
... >. .


You could see a two-headed ogre, a scorpion, an adder and an orc.

Vanquished Creatures
  Pikel (D:4)
  Sigmund (D:2)
  Duvessa (D:4)
  3 lemures (D:4)
  A gnoll sergeant (D:4)
  Dowan (D:4)
  3 orc priests
  A gnoll bouda (D:3)
  Natasha (twice) (D:4)
  An iguana (D:5)
  3 orc wizards
  Robin (D:4)
  7 gnolls
  2 adders
  A shadow imp (D:4)
  2 ribbon worms
  4 dart slugs
  18 orcs
  5 bats
  9 endoplasms
  A giant cockroach (D:3)
  17 goblins
  12 hobgoblins
  3 jackals (D:2)
  4 quokkas
  A ball python (D:1)
  3 frilled lizards
  7 kobolds
  8 rats
123 creatures vanquished.

Notes
Turn   | Place    | Note
-------+----------+-------------------------------------------
     0 | D:1      | Peloso the Minotaur Fighter began the quest for the Orb.
     0 | D:1      | Reached XP level 1. HP: 19/19 MP: 0/0
    94 | D:1      | Reached XP level 2. HP: 26/27 MP: 1/1
   856 | D:1      | Reached XP level 3. HP: 33/33 MP: 2/2
  1449 | D:2      | Reached skill level 3 in Long Blades
  1563 | D:2      | Noticed Sigmund
  1582 | D:2      | Killed Sigmund
  1583 | D:2      | Reached skill level 4 in Long Blades
  1583 | D:2      | Reached skill level 1 in Dodging
  1583 | D:2      | Reached XP level 4. HP: 23/41 MP: 3/3
  1583 | D:2      | Reached XP level 5. HP: 27/47 MP: 4/4
  2019 | D:3      | Found an opulent altar of Gozag.
  2222 | D:3      | Reached skill level 5 in Long Blades
  2241 | D:3      | Reached skill level 5 in Armour
  2245 | D:3      | Reached XP level 6. HP: 23/53 MP: 5/5
  2461 | D:3      | Found a faded altar of an unknown god.
  3097 | D:3      | Reached skill level 6 in Long Blades
  3228 | D:4      | Identified the +2 great sword "Mahes" {heavy, Will+}
  3341 | D:4      | Reached XP level 7. HP: 30/60 MP: 6/6
  3490 | D:4      | Found a glowing silver altar of Zin.
  3727 | D:4      | Found a shimmering altar of Xom.
  3836 | D:4      | Noticed Robin
  3853 | D:4      | Killed Robin
  3885 | D:4      | Identified the scarf of Oblivion {repulsion, rN+ Will++
                  | Regen+}
  4025 | D:4      | Found a hazy altar of Hepliaklqana.
  4072 | D:4      | Noticed Natasha
  4076 | D:4      | Killed Natasha
  4132 | D:4      | Noticed Pikel
  4144 | D:4      | Killed Pikel
  4145 | D:4      | Reached skill level 5 in Fighting
  4145 | D:4      | Reached skill level 7 in Long Blades
  4145 | D:4      | Reached XP level 8. HP: 37/69 MP: 7/7
  4232 | D:4      | Noticed Duvessa
  4239 | D:4      | Killed Duvessa
  4240 | D:4      | Reached skill level 8 in Long Blades
  4243 | D:4      | Found a snail-covered altar of Cheibriados.
  4243 | D:4      | Noticed Dowan
  4247 | D:4      | Killed Dowan
  4410 | D:4      | Noticed Natasha
  4413 | D:4      | Killed Natasha
  4424 | D:5      | Entered Level 5 of the Dungeon
  4510 | D:5      | Noticed a two-headed ogre
  4517 | D:5      | HP: 1/70 [two-headed ogre/+0 dire flail (22)]
  4517 | D:5      | Mangled by a two-headed ogre

Illustrated notes

Levels and vault maps discovered:
D:1:      scummos_arrival_hexagon, layout_basic, minmay_close_crescents
D:2:      layout_loops_ring, nicolae_houndstooth_variations, uniq_sigmund
D:3:      layout_loops_ring, nicolae_overflow_hidden_temple,
          shapermc_ecumenical_altar_notcrosses
D:4:      layout_gridville, mainiacjoe_overflow_24_doors, cheibriados_altar_1,
          regret_index_xom_buried_treasure, lemuel_coloured_pillars_altar,
          serial_library_hellmonk_open_cross, minmay_misc_feat_five,
          uniq_natasha, uniq_robin, uniq_duvessa, uniq_pikel
D:5:      layout_basic

Skill      XL: |  1  2  3  4  5  6  7  8 |
---------------+-------------------------+-----
Armour         | 4 5 7 |  7.7
Shields        | 4 |  4.6
Fighting       | 4 5 |  5.7
Long Blades    | 4 5 6 7 8 |  8.5
Dodging        | 1 2 |  2.4
Stealth        | |  0.3

Action                     |  1- 3 |  4- 6 |  7- 9 || total
---------------------------+-------+-------+-------++-------
  Melee: Long sword        |   101 |    97 |       ||   198
         Headbutt          |    11 |    16 |     5 ||    32
         Great sword       |       |     6 |    76 ||    82
    Use: Potion            |     1 |     2 |       ||     3
         Scroll            |       |       |     4 ||     4
 Armour: Scale mail        |    64 |   101 |     5 ||   170
         Storm dragon scal |       |       |   132 ||   132
  Dodge: Dodged            |    52 |    59 |    66 ||   177
  Block: Buckler           |    24 |    20 |       ||    44
